 Dungeon Crawl Stone Soup version 0.22.0-49-gab54619674 (webtiles) character file.

331 Kaderl the Skirmisher (level 6, 0/48 HPs)
             Began as a Human Fighter on Sept 8, 2018.
             Slain by a worm (5 damage)
             ... on level 4 of the Dungeon.
             The game lasted 00:14:55 (3432 turns).

Kaderl the Skirmisher (Human Fighter)               Turns: 3432, Time: 00:14:56

Health: 0/48       AC:  8    Str: 17    XL:     6   Next: 82%
Magic:  6/6        EV:  7    Int:  8    God:
Gold:   212        SH: 10    Dex: 14    Spells: 5/5 levels left

rFire    . . .     SeeInvis .   a - +0 war axe
rCold    . . .     Gourm    .   c - +1 shield
rNeg     . . .     Faith    .   b - +0 scale mail
rPois    .         Spirit   .   l - +0 helmet
rElec    .         Reflect  .   (no cloak)
rCorr    .         Harm     .   (no gloves)
MR       .....                  (no boots)
Stlth    ..........             (no amulet)
HPRegen  0.16/turn              (no ring)
MPRegen  0.10/turn              (no ring)

@: no status effects
A: no striking features
a: no special abilities


You were on level 4 of the Dungeon.
You were full.

You visited 1 branch of the dungeon, and saw 4 of its levels.

You collected 212 gold pieces.

Inventory:

Hand Weapons
 a - a +0 war axe (weapon)
Armour
 b - a +0 scale mail (worn)
 c - a +1 shield (worn)
 l - a +0 helmet (worn)
Jewellery
 h - an uncursed ring of flight
Wands
 d - a wand of polymorph (9)
Scrolls
 g - a scroll of fear
 k - 2 scrolls of teleportation
 n - 2 scrolls of enchant armour
 p - a scroll of amnesia
 q - a scroll of random uselessness
 r - 2 scrolls of fog
 s - a scroll of enchant weapon {unknown}
Potions
 e - a potion of flight {unknown}
 i - 2 potions of lignification {unknown}
 j - a potion of curing
 m - a potion of magic {unknown}
 o - a potion of haste {unknown}
 t - a potion of ambrosia {unknown}
Comestibles
 f - 6 rations


   Skills:
 + Level 4.1 Fighting
 + Level 4.1 Axes
 + Level 4.1 Armour
 + Level 1.2 Dodging
 + Level 3.9 Shields
 + Level 1.0 Unarmed Combat


You had 5 spell levels left.
You didn't know any spells.
Your spell library was empty.

Dungeon Overview and Level Annotations

Branches:
Dungeon (4/15)
 Temple: D:4-7

Altars:

Annotations:
D:4 Pikel


Message History

You hit the slave. You barely miss the slave. You slash the worm!
You slash the slave! You hit the slave. The slave barely misses you.
The slave hits you. x2; You block the slave's attack.
Pikel hits you but does no damage. The worm bites you but does no damage.
The slave hits you but does no damage. The slave hits you.
* * * LOW HITPOINT WARNING * * *
You barely miss Pikel.
Pikel is lightly wounded.
You closely miss the slave.
Your scale mail prevents you from hitting the slave.
You hit the worm.
Your shield and scale mail prevent you from hitting the slave.
You hit the slave. The slave hits you but does no damage.
You block the slave's attack. Pikel hits you but does no damage.
You block the slave's attack. The slave hits you.
* * * LOW HITPOINT WARNING * * *
The slave barely misses you. The slave hits you.
* * * LOW HITPOINT WARNING * * *
The worm bites you.
You die...

. #..........# . #..........# .
#..........#.# #....<.......#
#............#
...########............#
............#.........#.#
######...........w########..#.#
...............p@p...... ......
...............pKp......
.......
................l.......
.......#
.....................[..
........................
............(...........
...........#............
..)...#....#............
ยง.....#....#


You could see Pikel, 4 slaves, a worm and an iguana.

Vanquished Creatures
  Sigmund (D:3)
  Robin (D:3)
  4 gnolls (D:3)
  3 adders
  2 oozes
  4 worms
  2 dart slugs (D:2)
  3 leopard geckos
  An orc (D:3)
  5 bats
  6 giant cockroaches
  16 goblins
  8 hobgoblins
  10 kobolds
  A quokka (D:3)
  3 rats
70 creatures vanquished.

Notes
Turn   | Place    | Note
-------+----------+-------------------------------------------
     0 | D:1      | Kaderl the Human Fighter began the quest for the Orb.
     0 | D:1      | Reached XP level 1. HP: 18/18 MP: 1/1
   230 | D:1      | Reached XP level 2. HP: 24/24 MP: 2/2
   795 | D:2      | Reached XP level 3. HP: 29/29 MP: 3/3
  1117 | D:2      | Reached XP level 4. HP: 34/37 MP: 4/4
  1615 | D:2      | You fall through a shaft for 2 floors!
  1726 | D:3      | Noticed Robin
  1776 | D:3      | Killed Robin
  1853 | D:3      | Reached XP level 5. HP: 31/42 MP: 5/5
  1974 | D:3      | Noticed Sigmund
  3317 | D:3      | Killed Sigmund
  3317 | D:3      | Reached skill level 1 in Dodging
  3317 | D:3      | Reached skill level 1 in Unarmed Combat
  3317 | D:3      | Reached XP level 6. HP: 22/48 MP: 6/6
  3425 | D:4      | Noticed Pikel
  3425 | D:4      | Noticed a slave
  3425 | D:4      | Noticed a slave
  3426 | D:4      | Noticed a slave
  3426 | D:4      | Noticed a slave
  3432 | D:4      | Slain by a worm

Skill      XL: |  1  2  3  4  5 |
---------------+----------------+-----
Axes           | 3 4 |  4.1
Fighting       | 4 |  4.1
Armour         | 4 |  4.1
Dodging        | 1 |  1.2
Unarmed Combat | 1 |  1.0
Shields        | |  3.9

Action                   |  1- 3 |  4- 6 || total
-------------------------+-------+-------++-------
Melee: War axe           |    75 |   149 ||   224
       Unarmed           |       |    17 ||    17
  Use: Scroll            |     5 |     7 ||    12
       Potion            |       |     3 ||     3
  Eat: Ration            |     1 |     3 ||     4
Armor: Scale mail        |    34 |    64 ||    98
       Skin              |       |     1 ||     1
Dodge: Dodged            |    19 |    57 ||    76
Block: Shield            |    40 |    98 ||   138
